Sénateurs vs Stars
Created - 27 février 2014 at 19:07
Goals
|
| Sénateurs |
1 |
0 |
0 |
1 |
| Stars |
0 |
1 |
2 |
3 |
|
Shots
|
| Sénateurs |
12 |
10 |
10 |
32 |
| Stars |
6 |
14 |
9 |
29 |
|
1st period
1. Sénateurs , Daymond Langkow 42 (Vitaly Vishnevsky, Andy McDonald) at 16:56 (PP)
Penalties :
Pavel Kubina (Dal) for Interference (Minor) at 0:34, Francis Bouillon (Dal) for High sticking (Minor) at 16:51
2nd period
2. Stars , Shane Doan 21 (Michael Rupp, Cory Stillman) at 13:47
Penalties :
Alexei Morozov (Dal) for Hooking (Minor) at 4:00, Todd Bertuzzi (Ott) for Interference (Minor) at 8:38, Andy McDonald (Ott) for Delaying the game (Minor) at 13:53, Michael Rupp (Dal) for Boarding (Minor) at 16:58
3rd period
3. Stars , Antoine Vermette 18 (Alexei Morozov) at 4:14 (PP)
4. Stars , Jan Hlavac 6 (Patrick O'Sullivan, Randy Jones) at 13:48
Penalties :
Daymond Langkow (Ott) for Butt-ending (Major / Game Misconduct) at 4:04, Cory Stillman (Dal) for Fighting (Major) at 12:18, Paul Gaustad (Ott) for Fighting (Major) at 12:18, Andrew Ebbett (Ott) for Interference (Minor) at 16:56
Goalie Stats
Jeff Deslauriers (Ott), 26 saves from 29 shots - (0,897), L, 1-2-1, 60:00 minutes
Pascal Leclaire (Dal), 31 saves from 32 shots - (0,969), W, 21-23-1, 60:00 minutes
Players Stats for Sénateurs
Player Name G A P +/- PIM S H SB GA TA FO MP PP MP PK MP
------------------------------------------------------------------------------------
Andrew Ebbett 0 0 0 -2 2 1 4 1 1 1 4/10 17:17 3:19 3:24
Andy McDonald 0 1 1 0 2 4 1 1 0 1 1/3 21:05 2:38 3:07
Dan Girardi 0 0 0 0 0 0 0 0 0 0 0/0 11:21 0:00 0:58
Dan Hamhuis 0 0 0 -2 0 6 0 2 0 1 0/0 27:15 3:17 5:04
Dan Hinote 0 0 0 0 0 1 0 0 0 0 0/1 7:27 0:00 0:00
Daymond Langkow 1 0 1 0 15 4 1 1 0 2 7/18 15:34 2:43 2:18
Nikita Alexeev 0 0 0 -1 0 4 4 0 1 0 1/3 15:33 0:00 3:49
Niklas Hagman 0 0 0 0 0 1 0 0 0 0 0/0 9:56 0:00 2:29
Paul Gaustad 0 0 0 0 5 3 2 0 1 0 2/7 12:16 0:05 1:31
Richard Jackman 0 0 0 0 0 1 0 1 1 0 0/0 21:24 2:45 4:54
Sami Kapanen 0 0 0 -1 0 2 2 0 2 1 1/1 13:04 3:19 0:00
Sami Salo 0 0 0 0 0 0 0 1 0 0 0/0 21:24 2:45 4:54
Sean Avery 0 0 0 -1 0 0 3 0 0 0 0/1 14:26 3:19 1:14
Todd Bertuzzi 0 0 0 0 2 1 1 1 0 0 1/6 21:42 2:43 3:53
Toni Lydman 0 0 0 0 0 0 0 0 0 0 0/0 11:09 0:00 0:46
Vernon Fiddler 0 0 0 0 0 1 1 0 0 0 2/5 10:18 0:00 0:07
Ville Peltonen 0 0 0 -1 0 2 0 1 0 0 0/0 10:21 0:00 0:00
Vitaly Vishnevsky 0 1 1 -2 0 1 1 1 0 1 0/0 27:27 3:17 5:16
Players Stats for Stars
Player Name G A P +/- PIM S H SB GA TA FO MP PP MP PK MP
------------------------------------------------------------------------------------
Alexei Morozov 0 1 1 0 2 2 5 0 2 2 2/4 20:29 5:24 2:10
Antoine Vermette 1 0 1 0 0 4 2 1 1 0 18/27 19:00 5:23 0:54
Brendan Bell 0 0 0 1 0 3 2 0 0 1 0/0 14:28 0:50 1:16
Brian Gionta 0 0 0 0 0 3 0 0 0 0 0/0 11:38 1:26 0:00
Brian Pothier 0 0 0 1 0 1 0 0 0 0 0/0 12:26 0:50 0:00
Cory Stillman 0 1 1 0 5 1 1 0 1 1 0/1 19:22 5:02 2:29
Francis Bouillon 0 0 0 1 2 0 2 1 0 1 0/0 20:35 4:11 2:26
Jan Hlavac 1 0 1 1 0 3 1 0 0 0 0/0 10:21 0:40 0:25
Marty Reasoner 0 0 0 0 0 2 2 2 0 0 5/6 10:47 0:31 0:27
Mathieu Dandenault 0 0 0 1 0 1 1 1 0 0 3/3 10:54 0:22 1:06
Matthew Spiller 0 0 0 0 0 1 4 1 0 0 0/0 26:58 5:55 3:36
Michael Rupp 0 1 1 1 2 0 1 1 0 0 3/8 14:40 4:14 0:00
Milan Michalek 0 0 0 0 0 2 0 0 0 0 1/1 12:45 1:22 0:00
Patrick O'Sullivan 0 1 1 1 0 2 0 0 1 0 4/5 8:59 0:00 0:00
Patrik Elias 0 0 0 1 0 1 4 0 0 0 0/0 16:29 4:09 1:25
Pavel Kubina 0 0 0 0 2 1 0 3 2 1 0/0 25:26 5:55 2:20
Randy Jones 0 1 1 1 0 1 0 0 0 0 0/0 20:36 4:11 2:26
Shane Doan 1 0 1 1 0 1 1 2 0 0 0/0 18:00 4:15 3:08
3 Stars
1 - Pascal Leclaire (Dal)
2 - Shane Doan (Dal)
3 - Jan Hlavac (Dal)
Power Play
Sénateurs - 1 on 4 Attempt(s) - 25,00%
Stars - 1 on 4 Attempt(s) - 25,00%
Penalty Kill
Sénateurs - 3 on 4 Attempt(s) - 75,00%
- Score 0 goal in Penalty Kill
Stars - 3 on 4 Attempt(s) - 75,00%
- Score 0 goal in Penalty Kill
Official
Referees : Hebert Ghislain and LaRue Dennis
Linesman : Brad Lazarowich and Greg Devorski
Game Notes
Daymond Langkow ejected from game at 4:04 of 3rd period
Daymond Langkow from Sénateurs is suspended for 1 game(s)
Cory Stillman beats up Paul Gaustad at 12:18 of 3rd period
Finance
Level 1 -- Attendance: 3888 (64,80%) -- Ticket Income 388 800 $
Level 2 -- Attendance: 3427 (68,54%) -- Ticket Income 205 620 $
Level 3 -- Attendance: 1504 (75,20%) -- Ticket Income 52 640 $
Level 4 -- Attendance: 4000 (100,00%) -- Ticket Income 80 000 $
Luxury Box -- Attendance: 586 (58,60%) -- Ticket Income 117 200 $
Game was played at the American Airlines Center
Total Attendance: 13405 (74,47%)
Total Ticket Income: 844 260 $
Other Income: 126 639 $
Total Income: 970 899 $
Sénateurs
5 vs 5 Forward
Center Left Wing Right Wing Time % Phy DF OF
1 Daymond Langkow Andy McDonald Todd Bertuzzi 40 1 2 2
2 Andrew Ebbett Sean Avery Sami Kapanen 30 1 2 2
3 Paul Gaustad Ville Peltonen Nikita Alexeev 20 1 2 2
4 Vernon Fiddler Niklas Hagman Dan Hinote 10 1 2 2
5 vs 5 Defense
Defense Defense Time % Phy DF OF
1 Vitaly Vishnevsky Dan Hamhuis 40 1 2 2
2 Sami Salo Richard Jackman 30 1 2 2
3 Toni Lydman Dan Girardi 20 1 2 2
4 Vitaly Vishnevsky Dan Hamhuis 10 1 2 2
PowerPlay Forward
Center Left Wing Right Wing Time % Phy DF OF
1 Daymond Langkow Andy McDonald Todd Bertuzzi 60 1 2 2
2 Andrew Ebbett Sean Avery Sami Kapanen 40 1 2 2
PowerPlay Defense
Defense Defense Time % Phy DF OF
1 Vitaly Vishnevsky Dan Hamhuis 60 1 2 2
2 Sami Salo Richard Jackman 40 1 2 2
Penalty Kill 4 Players Forward
Center Wing Time % Phy DF OF
1 Todd Bertuzzi Daymond Langkow 60 1 2 2
2 Andrew Ebbett Andy McDonald 40 1 2 2
Penalty Kill 4 Players Defense
Defense Defense Time % Phy DF OF
1 Vitaly Vishnevsky Dan Hamhuis 60 1 2 2
2 Sami Salo Richard Jackman 40 1 2 2
Penalty Kill - 3 Players Forward
Forward Time % Phy DF OF
1 Todd Bertuzzi 60 1 2 2
2 Daymond Langkow 40 1 2 2
Penalty Kill - 3 Players Defense
Defense Defense Time % Phy DF OF
1 Vitaly Vishnevsky Dan Hamhuis 60 1 2 2
2 Sami Salo Richard Jackman 40 1 2 2
4 vs 4 Forward
Center Wing Time % Phy DF OF
1 Todd Bertuzzi Daymond Langkow 60 1 2 2
2 Andrew Ebbett Andy McDonald 40 1 2 2
4 vs 4 Defense
Defense Defense Time % Phy DF OF
1 Vitaly Vishnevsky Dan Hamhuis 60 1 2 2
2 Sami Salo Richard Jackman 40 1 2 2
Last Minutes Offensive
Center Left Wing Right Wing Defense Defense
Daymond Langkow Andy McDonald Todd Bertuzzi Vitaly Vishnevsky Dan Hamhuis
Last Minutes Defensive
Center Left Wing Right Wing Defense Defense
Daymond Langkow Andy McDonald Todd Bertuzzi Vitaly Vishnevsky Dan Hamhuis
Goaltenders
Starting : Jeff Deslauriers
Backup : Jonas Hiller
Extra Forwards
Normal : Paul Gaustad, Vernon Fiddler, Nikita Alexeev - PP : Paul Gaustad, Vernon Fiddler - PK : Nikita Alexeev
Extra Defensemen
Normal : Toni Lydman, Dan Girardi, Sami Salo - PP : Toni Lydman - PK : Dan Girardi, Sami Salo
Penalty Shots
Todd Bertuzzi, Daymond Langkow, Andrew Ebbett, Andy McDonald, Paul Gaustad
Stars
5 vs 5 Forward
Center Left Wing Right Wing Time % Phy DF OF
1 Antoine Vermette Cory Stillman Alexei Morozov 40 1 2 2
2 Michael Rupp Patrik Elias Shane Doan 30 1 2 2
3 Marty Reasoner Milan Michalek Brian Gionta 20 1 2 2
4 Patrick O'Sullivan Jan Hlavac Mathieu Dandenault 10 1 2 2
5 vs 5 Defense
Defense Defense Time % Phy DF OF
1 Pavel Kubina Matthew Spiller 40 1 2 2
2 Francis Bouillon Randy Jones 30 1 2 2
3 Brian Pothier Brendan Bell 20 1 2 2
4 Pavel Kubina Matthew Spiller 10 1 2 2
PowerPlay Forward
Center Left Wing Right Wing Time % Phy DF OF
1 Antoine Vermette Cory Stillman Alexei Morozov 60 1 2 2
2 Michael Rupp Patrik Elias Shane Doan 40 1 2 2
PowerPlay Defense
Defense Defense Time % Phy DF OF
1 Pavel Kubina Matthew Spiller 60 1 2 2
2 Francis Bouillon Randy Jones 40 1 2 2
Penalty Kill 4 Players Forward
Center Wing Time % Phy DF OF
1 Alexei Morozov Shane Doan 60 1 2 2
2 Cory Stillman Patrik Elias 40 1 2 2
Penalty Kill 4 Players Defense
Defense Defense Time % Phy DF OF
1 Pavel Kubina Matthew Spiller 60 1 2 2
2 Francis Bouillon Randy Jones 40 1 2 2
Penalty Kill - 3 Players Forward
Forward Time % Phy DF OF
1 Alexei Morozov 60 1 2 2
2 Shane Doan 40 1 2 2
Penalty Kill - 3 Players Defense
Defense Defense Time % Phy DF OF
1 Pavel Kubina Matthew Spiller 60 1 2 2
2 Francis Bouillon Randy Jones 40 1 2 2
4 vs 4 Forward
Center Wing Time % Phy DF OF
1 Alexei Morozov Shane Doan 60 1 2 2
2 Cory Stillman Patrik Elias 40 1 2 2
4 vs 4 Defense
Defense Defense Time % Phy DF OF
1 Pavel Kubina Matthew Spiller 60 1 2 2
2 Francis Bouillon Randy Jones 40 1 2 2
Last Minutes Offensive
Center Left Wing Right Wing Defense Defense
Antoine Vermette Cory Stillman Alexei Morozov Pavel Kubina Matthew Spiller
Last Minutes Defensive
Center Left Wing Right Wing Defense Defense
Antoine Vermette Cory Stillman Alexei Morozov Pavel Kubina Matthew Spiller
Goaltenders
Starting : Pascal Leclaire
Backup : Vesa Toskala
Extra Forwards
Normal : Milan Michalek, Brian Gionta, Mathieu Dandenault - PP : Milan Michalek, Brian Gionta - PK : Mathieu Dandenault
Extra Defensemen
Normal : Brian Pothier, Brendan Bell, Francis Bouillon - PP : Brian Pothier - PK : Brendan Bell, Francis Bouillon
Penalty Shots
Alexei Morozov, Shane Doan, Cory Stillman, Patrik Elias, Milan Michalek
% Time on Ice - Sénateurs
Lines # - Real PCT - Wanted PCT - Time Play
Normal Forward
1 - 37% - 40% - 15:45
2 - 23% - 30% - 9:55
3 - 24% - 20% - 10:21
4 - 16% - 10% - 7:01
Normal Defense
1 - 42% - 40% - 18:07
2 - 32% - 30% - 13:45
3 - 23% - 20% - 9:47
4 - 3% - 10% - 1:23
PP Forward
1 - 45% - 60% - 2:43
2 - 55% - 40% - 3:19
PP Defense
1 - 54% - 60% - 3:17
2 - 46% - 40% - 2:45
PK Forward
1 - 93% - 60% - 10:08
2 - 7% - 40% - 0:48
PK Defense
1 - 55% - 60% - 6:02
2 - 45% - 40% - 4:54
PK3 Forward
1 - 0% - 60%
2 - 0% - 40%
PK3 Defense
1 - 0% - 60%
2 - 0% - 40%
44 Forward
1 - 0% - 60%
2 - 0% - 40%
44 Defense
1 - 0% - 60%
2 - 0% - 40%
Last Minute Offensive - 0:00
Last Minute Defensive - 0:00
Total
Forward - 60:00
Defense - 60:00
|
% Time on Ice - Stars
Lines # - Real PCT - Wanted PCT - Time Play
Normal Forward
1 - 31% - 40% - 13:19
2 - 25% - 30% - 10:55
3 - 23% - 20% - 9:49
4 - 21% - 10% - 8:59
Normal Defense
1 - 37% - 40% - 16:03
2 - 33% - 30% - 14:01
3 - 27% - 20% - 11:34
4 - 3% - 10% - 1:24
PP Forward
1 - 59% - 60% - 6:29
2 - 41% - 40% - 4:27
PP Defense
1 - 54% - 60% - 5:55
2 - 46% - 40% - 5:01
PK Forward
1 - 77% - 60% - 4:37
2 - 23% - 40% - 1:25
PK Defense
1 - 60% - 60% - 3:36
2 - 40% - 40% - 2:26
PK3 Forward
1 - 0% - 60%
2 - 0% - 40%
PK3 Defense
1 - 0% - 60%
2 - 0% - 40%
44 Forward
1 - 0% - 60%
2 - 0% - 40%
44 Defense
1 - 0% - 60%
2 - 0% - 40%
Last Minute Offensive - 0:00
Last Minute Defensive - 0:00
Total
Forward - 60:00
Defense - 60:00
|
Play by Play
1st period
0:01 of 1st period - Daymond Langkow wins face-off versus Antoine Vermette in neutral zone.
0:34 of 1st period - Minor Penalty to Pavel Kubina for Interference.
0:35 of 1st period - Andy McDonald wins face-off versus Alexei Morozov in Stars zone.
0:36 of 1st period - Snap shot by Todd Bertuzzi.
0:36 of 1st period - Shot Misses the Net.
0:38 of 1st period - Slapshot by Vitaly Vishnevsky.
0:38 of 1st period - Deflect By Daymond Langkow.
0:38 of 1st period - Stopped by Pascal Leclaire with a rebound.
0:40 of 1st period - Wrist shot by Dan Hamhuis.
0:40 of 1st period - Stopped by Pascal Leclaire with a rebound.
0:42 of 1st period - Slapshot by Dan Hamhuis.
0:42 of 1st period - Stopped by Pascal Leclaire with a rebound.
0:44 of 1st period - Snap shot by Daymond Langkow.
0:44 of 1st period - Stopped by Pascal Leclaire with a rebound.
0:46 of 1st period - Slapshot by Daymond Langkow.
0:46 of 1st period - Shot Blocked by Matthew Spiller.
0:48 of 1st period - Snap shot by Andy McDonald.
0:48 of 1st period - Stopped by Pascal Leclaire with a rebound.
0:50 of 1st period - Slapshot by Dan Hamhuis.
0:50 of 1st period - Stopped by Pascal Leclaire with a rebound.
1:14 of 1st period - Icing by Sami Salo.
1:15 of 1st period - Alexei Morozov wins face-off versus Andrew Ebbett in Sénateurs zone.
2:34 of 1st period - Penalty to Pavel Kubina is over, Pavel Kubina is back on ice.
2:50 of 1st period - Wrist shot by Patrik Elias.
2:50 of 1st period - Shot Blocked by Vitaly Vishnevsky.
3:14 of 1st period - Toni Lydman is hit by Brendan Bell and loses puck.
3:19 of 1st period - Snap shot by Milan Michalek.
3:19 of 1st period - Stopped by Jeff Deslauriers without a rebound.
3:20 of 1st period - Patrick O'Sullivan wins face-off versus Daymond Langkow in Sénateurs zone.
3:57 of 1st period - Ville Peltonen is hit by Francis Bouillon and loses puck.
4:53 of 1st period - Dan Hamhuis is hit by Matthew Spiller and loses puck.
5:12 of 1st period - Wrist shot by Marty Reasoner.
5:12 of 1st period - Stopped by Jeff Deslauriers with a rebound.
6:18 of 1st period - Snap shot by Sean Avery.
6:18 of 1st period - Shot Blocked by Shane Doan.
6:32 of 1st period - Wrist shot by Vernon Fiddler.
6:32 of 1st period - Shot Blocked by Francis Bouillon.
6:34 of 1st period - Snap shot by Vernon Fiddler.
6:34 of 1st period - Shot Hit the Post.
6:36 of 1st period - Snap shot by Toni Lydman.
6:36 of 1st period - Shot Misses the Net.
6:56 of 1st period - Todd Bertuzzi is hit by Alexei Morozov and loses puck.
7:11 of 1st period - Wrist shot by Patrick O'Sullivan.
7:11 of 1st period - Stopped by Jeff Deslauriers without a rebound.
7:12 of 1st period - Patrick O'Sullivan wins face-off versus Paul Gaustad in Sénateurs zone.
7:17 of 1st period - Wrist shot by Jan Hlavac.
7:17 of 1st period - Shot Misses the Net.
7:25 of 1st period - Pavel Kubina is hit by Nikita Alexeev and loses puck.
7:48 of 1st period - Snap shot by Nikita Alexeev.
7:48 of 1st period - Stopped by Pascal Leclaire with a rebound.
7:50 of 1st period - Slapshot by Dan Girardi.
7:50 of 1st period - Shot Blocked by Mathieu Dandenault.
7:52 of 1st period - Slapshot by Dan Girardi.
7:52 of 1st period - Shot Blocked by Pavel Kubina.
7:54 of 1st period - Slapshot by Paul Gaustad.
7:54 of 1st period - Shot Blocked by Pavel Kubina.
7:56 of 1st period - Slapshot by Ville Peltonen.
7:56 of 1st period - Stopped by Pascal Leclaire with a rebound.
8:02 of 1st period - Snap shot by Paul Gaustad.
8:02 of 1st period - Stopped by Pascal Leclaire with a rebound.
8:04 of 1st period - Slapshot by Dan Girardi.
8:04 of 1st period - Shot Hit the Post.
9:04 of 1st period - Snap shot by Paul Gaustad.
9:04 of 1st period - Stopped by Pascal Leclaire without a rebound.
9:05 of 1st period - Antoine Vermette wins face-off versus Daymond Langkow in Stars zone.
9:12 of 1st period - Todd Bertuzzi is hit by Alexei Morozov.
9:30 of 1st period - Michael Rupp is hit by Sami Kapanen.
10:31 of 1st period - Shane Doan is hit by Sean Avery and loses puck.
11:19 of 1st period - Matthew Spiller is hit by Todd Bertuzzi and loses puck.
12:34 of 1st period - Patrik Elias is hit by Andrew Ebbett and loses puck.
14:20 of 1st period - Icing by Randy Jones.
14:21 of 1st period - Antoine Vermette wins face-off versus Vernon Fiddler in Stars zone.
14:21 of 1st period - Antoine Vermette is hit by Vernon Fiddler.
14:44 of 1st period - Vernon Fiddler is hit by Francis Bouillon and loses puck.
15:20 of 1st period - Icing by Brian Gionta.
15:21 of 1st period - Andrew Ebbett wins face-off versus Antoine Vermette in Stars zone.
15:22 of 1st period - Snap shot by Sami Kapanen.
15:22 of 1st period - Shot Blocked by Antoine Vermette.
15:38 of 1st period - Antoine Vermette is hit by Andrew Ebbett and loses puck.
15:49 of 1st period - Daymond Langkow is hit by Patrik Elias and loses puck.
16:20 of 1st period - Slapshot by Francis Bouillon.
16:20 of 1st period - Deflect By Patrick O'Sullivan.
16:20 of 1st period - Shot Blocked by Daymond Langkow.
16:20 of 1st period - Puck is out of play.
16:21 of 1st period - Antoine Vermette wins face-off versus Andrew Ebbett in Sénateurs zone.
16:30 of 1st period - Wrist shot by Cory Stillman.
16:30 of 1st period - Deflect By Antoine Vermette.
16:30 of 1st period - Stopped by Jeff Deslauriers without a rebound.
16:31 of 1st period - Andrew Ebbett wins face-off versus Antoine Vermette in Sénateurs zone.
16:51 of 1st period - Minor Penalty to Francis Bouillon for High sticking.
16:52 of 1st period - Daymond Langkow wins face-off versus Alexei Morozov in Stars zone.
16:54 of 1st period - Slapshot by Daymond Langkow.
16:54 of 1st period - Stopped by Pascal Leclaire with a rebound.
16:56 of 1st period - Slapshot by Vitaly Vishnevsky.
16:56 of 1st period - Deflect By Daymond Langkow.
16:56 of 1st period - Goal by Daymond Langkow - Sénateurs : 1 - Stars : 0.
16:57 of 1st period - Antoine Vermette wins face-off versus Daymond Langkow in neutral zone.
17:00 of 1st period - Vitaly Vishnevsky is hit by Matthew Spiller and loses puck.
17:05 of 1st period - Wrist shot by Alexei Morozov.
17:05 of 1st period - Stopped by Jeff Deslauriers with a rebound.
17:13 of 1st period - Snap shot by Antoine Vermette.
17:13 of 1st period - Shot Misses the Net.
17:45 of 1st period - Marty Reasoner is hit by Paul Gaustad and loses puck.
18:02 of 1st period - Dan Hinote is hit by Cory Stillman and loses puck.
18:27 of 1st period - Snap shot by Jan Hlavac.
18:27 of 1st period - Shot Blocked by Sami Salo.
18:32 of 1st period - Off-side.
18:33 of 1st period - Michael Rupp wins face-off versus Daymond Langkow in neutral zone.
19:15 of 1st period - Wrist shot by Antoine Vermette.
19:15 of 1st period - Stopped by Jeff Deslauriers with a rebound.
19:48 of 1st period - Icing by Vernon Fiddler.
19:49 of 1st period - Patrick O'Sullivan wins face-off versus Dan Hinote in Sénateurs zone.
Goals for this period are 1 for Sénateurs vs 0 for Stars.
Shots for this period are 12 for Sénateurs vs 6 for Stars.
2nd period
0:01 of 2nd period - Antoine Vermette wins face-off versus Daymond Langkow in neutral zone.
0:06 of 2nd period - Daymond Langkow is hit by Alexei Morozov and loses puck.
0:45 of 2nd period - Wrist shot by Dan Hamhuis.
0:45 of 2nd period - Deflect By Paul Gaustad.
0:45 of 2nd period - Stopped by Pascal Leclaire with a rebound.
0:47 of 2nd period - Wrist shot by Ville Peltonen.
0:47 of 2nd period - Stopped by Pascal Leclaire with a rebound.
0:49 of 2nd period - Slapshot by Dan Hamhuis.
0:49 of 2nd period - Shot Blocked by Marty Reasoner.
0:51 of 2nd period - Snap shot by Vitaly Vishnevsky.
0:51 of 2nd period - Shot Misses the Net.
0:53 of 2nd period - Slapshot by Dan Hamhuis.
0:53 of 2nd period - Deflect By Brian Gionta.
0:53 of 2nd period - Stopped by Pascal Leclaire without a rebound.
0:54 of 2nd period - Antoine Vermette wins face-off versus Daymond Langkow in Stars zone.
1:27 of 2nd period - Wrist shot by Patrik Elias.
1:27 of 2nd period - Shot Misses the Net.
1:29 of 2nd period - Snap shot by Shane Doan.
1:29 of 2nd period - Shot Blocked by Richard Jackman.
1:31 of 2nd period - Wrist shot by Michael Rupp.
1:31 of 2nd period - Shot Misses the Net.
1:41 of 2nd period - Wrist shot by Sami Kapanen.
1:41 of 2nd period - Stopped by Pascal Leclaire without a rebound.
1:42 of 2nd period - Marty Reasoner wins face-off versus Paul Gaustad in Stars zone.
1:51 of 2nd period - Snap shot by Brian Gionta.
1:51 of 2nd period - Stopped by Jeff Deslauriers without a rebound.
1:52 of 2nd period - Daymond Langkow wins face-off versus Antoine Vermette in Sénateurs zone.
2:03 of 2nd period - Snap shot by Alexei Morozov.
2:03 of 2nd period - Shot Hit the Post.
2:05 of 2nd period - Slapshot by Antoine Vermette.
2:05 of 2nd period - Stopped by Jeff Deslauriers with a rebound.
2:07 of 2nd period - Snap shot by Pavel Kubina.
2:07 of 2nd period - Shot Blocked by Andy McDonald.
2:24 of 2nd period - Snap shot by Sean Avery.
2:24 of 2nd period - Shot Misses the Net.
2:26 of 2nd period - Snap shot by Sami Kapanen.
2:26 of 2nd period - Stopped by Pascal Leclaire with a rebound.
2:28 of 2nd period - Wrist shot by Sean Avery.
2:28 of 2nd period - Shot Misses the Net.
2:52 of 2nd period - Icing by Pavel Kubina.
2:53 of 2nd period - Marty Reasoner wins face-off versus Andy McDonald in Stars zone.
3:14 of 2nd period - Snap shot by Milan Michalek.
3:14 of 2nd period - Stopped by Jeff Deslauriers without a rebound.
3:15 of 2nd period - Sami Kapanen wins face-off versus Antoine Vermette in Sénateurs zone.
3:15 of 2nd period - Sami Kapanen is hit by Alexei Morozov.
3:25 of 2nd period - Dan Girardi is hit by Alexei Morozov.
3:41 of 2nd period - Alexei Morozov is hit by Nikita Alexeev and loses puck.
4:00 of 2nd period - Minor Penalty to Alexei Morozov for Hooking.
4:01 of 2nd period - Mathieu Dandenault wins face-off versus Daymond Langkow in Stars zone.
4:26 of 2nd period - Mathieu Dandenault is hit by Sean Avery and loses puck.
4:59 of 2nd period - Sean Avery is hit by Antoine Vermette and loses puck.
6:00 of 2nd period - Penalty to Alexei Morozov is over, Alexei Morozov is back on ice.
6:02 of 2nd period - Dan Hamhuis is hit by Mathieu Dandenault and loses puck.
6:37 of 2nd period - Toni Lydman is hit by Brendan Bell and loses puck.
7:19 of 2nd period - Andy McDonald is hit by Michael Rupp and loses puck.
7:55 of 2nd period - Vernon Fiddler is hit by Matthew Spiller.
8:04 of 2nd period - Off-side.
8:05 of 2nd period - Marty Reasoner wins face-off versus Andrew Ebbett in neutral zone.
8:08 of 2nd period - Slapshot by Randy Jones.
8:08 of 2nd period - Shot Blocked by Andrew Ebbett.
8:10 of 2nd period - Backhand shot by Marty Reasoner.
8:10 of 2nd period - Deflect By Brian Gionta.
8:10 of 2nd period - Stopped by Jeff Deslauriers with a rebound.
8:12 of 2nd period - Snap shot by Francis Bouillon.
8:12 of 2nd period - Shot Blocked by Dan Hamhuis.
8:14 of 2nd period - Snap shot by Marty Reasoner.
8:14 of 2nd period - Stopped by Jeff Deslauriers with a rebound.
8:16 of 2nd period - Wrist shot by Brian Gionta.
8:16 of 2nd period - Stopped by Jeff Deslauriers without a rebound.
8:17 of 2nd period - Daymond Langkow wins face-off versus Michael Rupp in Sénateurs zone.
8:17 of 2nd period - Daymond Langkow is hit by Shane Doan.
8:38 of 2nd period - Minor Penalty to Todd Bertuzzi for Interference.
8:39 of 2nd period - Nikita Alexeev wins face-off versus Cory Stillman in Sénateurs zone.
9:04 of 2nd period - Matthew Spiller is hit by Daymond Langkow and loses puck.
10:09 of 2nd period - Icing by Matthew Spiller.
10:10 of 2nd period - Antoine Vermette wins face-off versus Nikita Alexeev in Stars zone.
10:10 of 2nd period - Antoine Vermette is hit by Nikita Alexeev.
10:38 of 2nd period - Penalty to Todd Bertuzzi is over, Todd Bertuzzi is back on ice.
10:45 of 2nd period - Slapshot by Dan Hinote.
10:45 of 2nd period - Stopped by Pascal Leclaire with a rebound.
10:47 of 2nd period - Wrist shot by Vernon Fiddler.
10:47 of 2nd period - Stopped by Pascal Leclaire with a rebound.
10:49 of 2nd period - Snap shot by Niklas Hagman.
10:49 of 2nd period - Stopped by Pascal Leclaire with a rebound.
10:51 of 2nd period - Backhand shot by Richard Jackman.
10:51 of 2nd period - Stopped by Pascal Leclaire with a rebound.
11:02 of 2nd period - Icing by Richard Jackman.
11:03 of 2nd period - Patrick O'Sullivan wins face-off versus Paul Gaustad in Sénateurs zone.
11:04 of 2nd period - Wrist shot by Jan Hlavac.
11:04 of 2nd period - Shot Blocked by Ville Peltonen.
11:06 of 2nd period - Snap shot by Jan Hlavac.
11:06 of 2nd period - Stopped by Jeff Deslauriers with a rebound.
11:08 of 2nd period - Snap shot by Brian Pothier.
11:08 of 2nd period - Stopped by Jeff Deslauriers without a rebound.
11:09 of 2nd period - Mathieu Dandenault wins face-off versus Paul Gaustad in Sénateurs zone.
11:18 of 2nd period - Snap shot by Jan Hlavac.
11:18 of 2nd period - Shot Blocked by Dan Hamhuis.
12:17 of 2nd period - Snap shot by Nikita Alexeev.
12:17 of 2nd period - Shot Misses the Net.
12:19 of 2nd period - Wrist shot by Nikita Alexeev.
12:19 of 2nd period - Stopped by Pascal Leclaire without a rebound.
12:20 of 2nd period - Antoine Vermette wins face-off versus Daymond Langkow in Stars zone.
12:33 of 2nd period - Backhand shot by Andy McDonald.
12:33 of 2nd period - Shot Misses the Net.
12:56 of 2nd period - Patrik Elias is hit by Andrew Ebbett.
13:41 of 2nd period - Icing by Antoine Vermette.
13:42 of 2nd period - Antoine Vermette wins face-off versus Andrew Ebbett in Stars zone.
13:47 of 2nd period - Snap shot by Shane Doan.
13:47 of 2nd period - Goal by Shane Doan - Sénateurs : 1 - Stars : 1.
13:48 of 2nd period - Antoine Vermette wins face-off versus Daymond Langkow in neutral zone.
13:51 of 2nd period - Slapshot by Alexei Morozov.
13:51 of 2nd period - Stopped by Jeff Deslauriers with a rebound.
13:53 of 2nd period - Minor Penalty to Andy McDonald for Delaying the game.
13:54 of 2nd period - Antoine Vermette wins face-off versus Todd Bertuzzi in Sénateurs zone.
14:56 of 2nd period - Off-side.
14:57 of 2nd period - Michael Rupp wins face-off versus Andrew Ebbett in neutral zone.
15:53 of 2nd period - Penalty to Andy McDonald is over, Andy McDonald is back on ice.
15:53 of 2nd period - Francis Bouillon is hit by Andrew Ebbett and loses puck.
16:35 of 2nd period - Snap shot by Brendan Bell.
16:35 of 2nd period - Stopped by Jeff Deslauriers with a rebound.
16:37 of 2nd period - Slapshot by Brendan Bell.
16:37 of 2nd period - Stopped by Jeff Deslauriers without a rebound.
16:38 of 2nd period - Andrew Ebbett wins face-off versus Antoine Vermette in Sénateurs zone.
16:58 of 2nd period - Minor Penalty to Michael Rupp for Boarding.
16:59 of 2nd period - Alexei Morozov wins face-off versus Daymond Langkow in Stars zone.
17:12 of 2nd period - Shane Doan is hit by Andy McDonald and loses puck.
17:25 of 2nd period - Pavel Kubina is hit by Sean Avery.
17:43 of 2nd period - Snap shot by Patrik Elias.
17:43 of 2nd period - Stopped by Jeff Deslauriers with a rebound.
17:45 of 2nd period - Slapshot by Randy Jones.
17:45 of 2nd period - Stopped by Jeff Deslauriers with a rebound.
18:58 of 2nd period - Penalty to Michael Rupp is over, Michael Rupp is back on ice.
Goals for this period are 0 for Sénateurs vs 1 for Stars.
Shots for this period are 10 for Sénateurs vs 14 for Stars.
3rd period
0:01 of 3rd period - Antoine Vermette wins face-off versus Todd Bertuzzi in neutral zone.
0:52 of 3rd period - Slapshot by Brendan Bell.
0:52 of 3rd period - Stopped by Jeff Deslauriers with a rebound.
1:35 of 3rd period - Wrist shot by Jan Hlavac.
1:35 of 3rd period - Stopped by Jeff Deslauriers without a rebound.
1:36 of 3rd period - Antoine Vermette wins face-off versus Daymond Langkow in Sénateurs zone.
2:03 of 3rd period - Dan Hamhuis is hit by Patrik Elias and loses puck.
2:28 of 3rd period - Wrist shot by Dan Hinote.
2:28 of 3rd period - Shot Misses the Net.
3:07 of 3rd period - Wrist shot by Antoine Vermette.
3:07 of 3rd period - Shot Misses the Net.
3:09 of 3rd period - Wrist shot by Cory Stillman.
3:09 of 3rd period - Stopped by Jeff Deslauriers without a rebound.
3:10 of 3rd period - Paul Gaustad wins face-off versus Antoine Vermette in Sénateurs zone.
3:15 of 3rd period - Slapshot by Dan Hamhuis.
3:15 of 3rd period - Deflect By Nikita Alexeev.
3:15 of 3rd period - Stopped by Pascal Leclaire without a rebound.
3:16 of 3rd period - Daymond Langkow wins face-off versus Antoine Vermette in Stars zone.
3:31 of 3rd period - Snap shot by Pavel Kubina.
3:31 of 3rd period - Deflect By Todd Bertuzzi.
3:31 of 3rd period - Stopped by Jeff Deslauriers with a rebound.
3:34 of 3rd period - Icing by Dan Hamhuis.
3:35 of 3rd period - Daymond Langkow wins face-off versus Michael Rupp in Sénateurs zone.
3:42 of 3rd period - Slapshot by Vitaly Vishnevsky.
3:42 of 3rd period - Stopped by Pascal Leclaire without a rebound.
3:43 of 3rd period - Daymond Langkow wins face-off versus Michael Rupp in Stars zone.
3:46 of 3rd period - Wrist shot by Andy McDonald.
3:46 of 3rd period - Shot Blocked by Pavel Kubina.
4:04 of 3rd period - Major / Game Misconduct Penalty to Daymond Langkow for Butt-ending.
4:04 of 3rd period - Daymond Langkow is ejected from game.
4:05 of 3rd period - Antoine Vermette wins face-off versus Todd Bertuzzi in Sénateurs zone.
4:14 of 3rd period - Wrist shot by Antoine Vermette.
4:14 of 3rd period - Goal by Antoine Vermette - Sénateurs : 1 - Stars : 2.
4:15 of 3rd period - Todd Bertuzzi wins face-off versus Antoine Vermette in neutral zone.
7:22 of 3rd period - Shane Doan is hit by Paul Gaustad and loses puck.
9:02 of 3rd period - Dan Girardi is hit by Antoine Vermette.
9:04 of 3rd period - Penalty to Daymond Langkow is over, Nikita Alexeev is send on ice.
9:14 of 3rd period - Snap shot by Paul Gaustad.
9:14 of 3rd period - Shot Misses the Net.
9:20 of 3rd period - Paul Gaustad is hit by Marty Reasoner and loses puck.
9:31 of 3rd period - Vernon Fiddler is hit by Jan Hlavac and loses puck.
10:31 of 3rd period - Icing by Jan Hlavac.
10:32 of 3rd period - Marty Reasoner wins face-off versus Paul Gaustad in Stars zone.
10:37 of 3rd period - Ville Peltonen is hit by Marty Reasoner and loses puck.
10:57 of 3rd period - Antoine Vermette is hit by Vitaly Vishnevsky and loses puck.
11:51 of 3rd period - Wrist shot by Dan Girardi.
11:51 of 3rd period - Shot Blocked by Marty Reasoner.
11:53 of 3rd period - Snap shot by Andy McDonald.
11:53 of 3rd period - Stopped by Pascal Leclaire without a rebound.
11:54 of 3rd period - Vernon Fiddler wins face-off versus Marty Reasoner in Stars zone.
12:03 of 3rd period - Wrist shot by Andy McDonald.
12:03 of 3rd period - Stopped by Pascal Leclaire without a rebound.
12:04 of 3rd period - Antoine Vermette wins face-off versus Todd Bertuzzi in Stars zone.
12:18 of 3rd period - Cory Stillman beats up Paul Gaustad.
12:18 of 3rd period - Penalty to Cory Stillman for Fighting.
12:18 of 3rd period - Penalty to Paul Gaustad for Fighting.
12:19 of 3rd period - Antoine Vermette wins face-off versus Vernon Fiddler in neutral zone.
12:28 of 3rd period - Snap shot by Alexei Morozov.
12:28 of 3rd period - Shot Misses the Net.
12:30 of 3rd period - Snap shot by Matthew Spiller.
12:30 of 3rd period - Stopped by Jeff Deslauriers without a rebound.
12:31 of 3rd period - Antoine Vermette wins face-off versus Andy McDonald in Sénateurs zone.
12:56 of 3rd period - Dan Hamhuis is hit by Patrik Elias and loses puck.
13:15 of 3rd period - Off-side.
13:16 of 3rd period - Andrew Ebbett wins face-off versus Patrick O'Sullivan in neutral zone.
13:48 of 3rd period - Snap shot by Jan Hlavac.
13:48 of 3rd period - Goal by Jan Hlavac - Sénateurs : 1 - Stars : 3.
13:49 of 3rd period - Milan Michalek wins face-off versus Vernon Fiddler in neutral zone.
14:00 of 3rd period - Snap shot by Dan Hamhuis.
14:00 of 3rd period - Stopped by Pascal Leclaire with a rebound.
14:02 of 3rd period - Slapshot by Todd Bertuzzi.
14:02 of 3rd period - Stopped by Pascal Leclaire with a rebound.
14:04 of 3rd period - Wrist shot by Andy McDonald.
14:04 of 3rd period - Stopped by Pascal Leclaire without a rebound.
14:05 of 3rd period - Michael Rupp wins face-off versus Andrew Ebbett in Stars zone.
14:21 of 3rd period - Wrist shot by Sami Kapanen.
14:21 of 3rd period - Shot Blocked by Michael Rupp.
14:31 of 3rd period - Vitaly Vishnevsky is hit by Matthew Spiller and loses puck.
14:47 of 3rd period - Icing by Dan Hamhuis.
14:48 of 3rd period - Vernon Fiddler wins face-off versus Michael Rupp in Sénateurs zone.
14:57 of 3rd period - Wrist shot by Todd Bertuzzi.
14:57 of 3rd period - Shot Blocked by Shane Doan.
15:03 of 3rd period - Wrist shot by Francis Bouillon.
15:03 of 3rd period - Shot Blocked by Todd Bertuzzi.
15:13 of 3rd period - Slapshot by Dan Hamhuis.
15:13 of 3rd period - Deflect By Francis Bouillon.
15:13 of 3rd period - Stopped by Pascal Leclaire with a rebound.
15:15 of 3rd period - Snap shot by Andrew Ebbett.
15:15 of 3rd period - Stopped by Pascal Leclaire with a rebound.
15:44 of 3rd period - Wrist shot by Patrick O'Sullivan.
15:44 of 3rd period - Stopped by Jeff Deslauriers with a rebound.
16:10 of 3rd period - Shane Doan is hit by Nikita Alexeev and loses puck.
16:19 of 3rd period - Todd Bertuzzi is hit by Patrik Elias and loses puck.
16:46 of 3rd period - Snap shot by Nikita Alexeev.
16:46 of 3rd period - Stopped by Pascal Leclaire without a rebound.
16:47 of 3rd period - Marty Reasoner wins face-off versus Sean Avery in Stars zone.
16:47 of 3rd period - Marty Reasoner is hit by Sami Kapanen.
16:56 of 3rd period - Minor Penalty to Andrew Ebbett for Interference.
16:57 of 3rd period - Antoine Vermette wins face-off versus Todd Bertuzzi in Sénateurs zone.
17:18 of 3rd period - Penalty to Paul Gaustad is over, Paul Gaustad is back on ice.
18:52 of 3rd period - Icing by Patrik Elias.
18:53 of 3rd period - Paul Gaustad wins face-off versus Michael Rupp in Stars zone.
18:56 of 3rd period - Penalty to Andrew Ebbett is over, Andrew Ebbett is back on ice.
19:46 of 3rd period - Slapshot by Mathieu Dandenault.
19:46 of 3rd period - Shot Misses the Net.
19:48 of 3rd period - Slapshot by Mathieu Dandenault.
19:48 of 3rd period - Stopped by Jeff Deslauriers without a rebound.
19:49 of 3rd period - Mathieu Dandenault wins face-off versus Nikita Alexeev in Sénateurs zone.
19:50 of 3rd period - Wrist shot by Brian Gionta.
19:50 of 3rd period - Shot Misses the Net.
Goals for this period are 0 for Sénateurs vs 2 for Stars.
Shots for this period are 10 for Sénateurs vs 9 for Stars.
Output by the SimonT Hockey Simulator (STHS) for François Prévost -- Original Page W3C XHTML 1.0 Valid